 Dungeon Crawl Stone Soup version 0.30-a0-465-g8901f6c8b5 (webtiles) character file.

Game seed: 13678745166686587338

2655 bande the Chopper (level 9, -24/54 HPs)
             Began as a Gargoyle Fighter on Dec 18, 2022.
             Was a Follower of Okawaru.
             Killed from afar by a lindwurm (26 damage)
             ... with a blast of flame
             ... on level 8 of the Dungeon.
             The game lasted 00:11:20 (7978 turns).

bande the Chopper (Gargoyle Fighter)                Turns: 7978, Time: 00:11:21

Health: -24/54     AC: 21    Str: 21    XL:     9   Next: 62%
Magic:  0/11       EV:  6    Int:  8    God:    Okawaru [*.....]
Gold:   463        SH: 10    Dex: 13    Spells: 8/8 levels left

rFire   . . .      SeeInvis +    a - +0 war axe
rCold   . . .      Faith    .    h - +0 kite shield
rNeg    + . .      Spirit   +    q - +0 chain mail
rPois   ∞          Reflect  .    e - +0 helmet
rElec   +          Harm     .    x - +0 cloak {Stlth+}
rCorr   .          Rampage  .    v - +1 pair of gloves
Will    .....                    (no boots)
Stlth   ..........               t - amulet of guardian spirit
HPRegen 0.29/turn                l - ring of see invisible
MPRegen 0.12/turn                (no ring)

@: flying
A: sickness immunity, AC +6, negative energy resistance 1, electricity
resistance, torment resistance 1, petrification resistance
a: Renounce Religion, Heroism


You were on level 8 of the Dungeon.
You worshipped Okawaru.
Okawaru was aware of your devotion.
You visited 2 branches of the dungeon, and saw 9 of its levels.

You collected 463 gold pieces.

Inventory:

Hand Weapons
 a - a +0 war axe (weapon)
 u - a +0 flail
Missiles
 r - 4 throwing nets (quivered)
Armour
 e - a +0 helmet (worn)
 h - a +0 kite shield (worn)
 q - a +0 chain mail (worn)
 v - a +1 pair of gloves (worn)
 x - a +0 cloak of stealth (worn)
Jewellery
 l - a ring of see invisible (left hand)
 t - an amulet of guardian spirit (around neck)
Wands
 c - a wand of polymorph (9)
 n - a wand of roots (23)
 z - a wand of digging (6)
Scrolls
 s - 6 scrolls of magic mapping
 w - a scroll of enchant armour
 y - 4 scrolls of teleportation
 A - a scroll of poison
 B - a scroll of enchant weapon {unknown}
 C - a scroll of silence {unknown}
Potions
 b - a potion of flight
 d - 2 potions of might
 f - a potion of berserk rage {unknown}
 g - 2 potions of mutation {unknown}
 i - a potion of degeneration {unknown}
 j - 4 potions of curing
 k - a potion of lignification {unknown}
 m - 3 potions of invisibility
 o - 2 potions of ambrosia
 p - 4 potions of heal wounds


   Skills:
 + Level 5.5 Fighting
 + Level 7.3 Axes
 + Level 6.1 Armour
 * Level 6.5 Shields
 * Level 3.1 Invocations
 * Level 4.7 Evocations


You had 8 spell levels left.
You didn't know any spells.
Your spell library contained the following spells:

 Spells                   Type           Power      Damage    Failure   Level
 Ensorcelled Hibernation  Hex/Ice        0%         N/A       100%        2
 Passwall                 Tmut/Erth      0%         N/A       100%        2
 Scorch                   Fire           0%         2d5       100%        2
 Frozen Ramparts          Ice            0%         1d1       100%        3
 Spider Form              Tmut/Pois      0%         N/A       100%        3
 Stone Arrow              Conj/Erth      0%         3d7       100%        3
 Swiftness                Air            0%         N/A       100%        3
 Anguish                  Hex/Necr       0%         N/A       100%        4
 Ice Form                 Ice/Tmut       0%         N/A       100%        4
 Passage of Golubria      Tloc           0%         N/A       100%        4
 Yara's Violent Unravell  Hex/Tmut       0%         3d3       100%        5
 Lehudib's Crystal Spear  Conj/Erth      0%         10d2      100%        8
 Fire Storm               Conj/Fire      0%         5d1       100%        9
 Tukima's Dance           Hex            Unusable   N/A       N/A         3
 Animate Armour           Summ/Erth      Unusable   N/A       N/A         4
 Summon Ice Beast         Ice/Summ       Unusable   N/A       N/A         4

Dungeon Overview and Level Annotations

Branches:
Dungeon (8/15)             Temple (1/1) D:5
   Lair: D:8-11

Altars:
Okawaru
Qazlal
Yredelemnul

Annotations:
D:3 1 runed translucent door


Innate Abilities, Weirdness & Mutations

You are immune to sickness and miasma.
Your stone body is resilient. (AC +6)
You are immune to poison.
You resist negative energy. (rN+)
You are resistant to electric shocks. (rElec)
You are resistant to unholy torment.
You are immune to petrification.


Message History

You start resting.
HP restored.
You start waiting.
Done waiting.
There is an open door here.
The lindwurm roars!
Why would you want to do that? Why would you want to do that?
Why would you want to do that?
Okay, then.
The lindwurm roars!
You feel very buoyant.
You fly up into the air.
The lindwurm breathes flames at you. The blast of flame hits you!!
The lindwurm breathes flames at you. The blast of flame hits you!
You block the lindwurm's attack.
The lindwurm claws you but does no damage. x2
The lindwurm roars!
You block the lindwurm's attack. x2; The lindwurm completely misses you.
You slash the lindwurm!
The lindwurm is moderately wounded.
You barely miss the lindwurm. The lindwurm breathes flames at you.
The blast of flame hits you!!
* * * LOW HITPOINT WARNING * * *
The lindwurm bites you!
* * * LOW HITPOINT WARNING * * *
The lindwurm claws you but does no damage.
You block the lindwurm's attack. x2; The lindwurm closely misses you.
You block the lindwurm's attack.
The lindwurm bites you but does no damage.
The lindwurm claws you.
* * * LOW HITPOINT WARNING * * *
The lindwurm claws you.
* * * LOW HITPOINT WARNING * * *
The lindwurm breathes flames at you. The blast of flame hits you!!
You die...

.#..§§§≈§≈§..##...≈≈≈≈≈..........
.##.§≈§§≈§§§####..≈≈≈≈≈.§........
.....§§§§§k# (.#..§≈≈≈≈?.####'##
..§§§≈≈≈≈.## >)##§≈§≈≈≈§.# #...#
...≈§≈≈≈≈.# kk##§≈≈≈≈≈≈.# #...#
....§§≈§≈..#. .#..§≈≈≈...# #...#
....§≈≈≈≈≈..####..≈≈≈§≈§.## #...#
.....§§≈≈≈...##kk§≈§§§§≈.# #...#
.....≈≈≈≈≈≈≈§?.k@§≈≈≈§§..#####..#
#....≈≈≈≈§≈§§≈≈§≈§§≈≈≈≈....####'#
#......§§§§§§≈≈§§§§≈≈......#....#
#......≈§≈§≈§≈§≈§≈≈≈.......#....#
#.........§≈≈≈§§§≈.........#....#
#..........≈.§≈§§≈.........#....#
#......#............##.....##[..#
#####...................#'###...#
#...'...................#...#...#


You could see 4 lindwurms.

Vanquished Creatures
  A hornet (D:8)
  Grum (D:8)
  An acid dragon (D:8)
  2 water moccasins
  3 ice beasts
  A sky beast (D:7)
  An ogre (D:6)
  2 centaurs (D:5)
  2 wolves (D:8)
  3 phantoms
  A kobold brigand (D:8)
  A scorpion (D:4)
  A howler monkey (D:4)
  A human zombie (D:3)
  2 orc priests (D:7)
  Crazy Yiuf (D:6)
  A gnoll bouda (D:7)
  5 hounds
  2 jellies
  Jessica (D:2)
  5 iguanas
  5 orc wizards
  12 gnolls
  3 adders
  A white imp (D:6)
  3 worms
  A dart slug (D:3)
  15 orcs
  2 endoplasms
  3 giant cockroaches
  5 goblins
  5 hobgoblins
  3 jackals (D:4)
  2 quokkas
  4 ball pythons
  4 bats
  6 frilled lizards
  A goblin zombie (D:3)
  A jackal zombie (D:3)
  10 kobolds
  8 rats
132 creatures vanquished.

Vanquished Creatures (others)
  An orc wizard (D:5)
1 creature vanquished.

Grand Total: 133 creatures vanquished

Notes
Turn   | Place    | Note
-------+----------+-------------------------------------------
     0 | D:1      | bande the Gargoyle Fighter began the quest for the Orb.
     0 | D:1      | Reached XP level 1. HP: 14/14 MP: 1/1
   154 | D:1      | Reached skill level 2 in Axes
   154 | D:1      | Reached XP level 2. HP: 19/19 MP: 2/2
   282 | D:1      | Got Heah's Volume of Calefaction
   656 | D:2      | Noticed Jessica
   664 | D:2      | Reached XP level 3. HP: 12/23 MP: 3/3
   667 | D:2      | Killed Jessica
   911 | D:2      | Reached skill level 1 in Evocations
   944 | D:2      | Found a faded altar of an unknown god.
   944 | D:2      | Identified the +1 leather armour "Fidulu" {Drain Regen+
                  | rCorr Str-3}
  1166 | D:3      | Reached XP level 4. HP: 28/28 MP: 4/4
  1516 | D:3      | Reached skill level 3 in Axes
  1556 | D:3      | Reached XP level 5. HP: 32/33 MP: 5/5
  1816 | D:3      | Found a runed translucent door.
  1816 | D:3      | Noticed a human
  1832 | D:3      | Found a basalt altar of Yredelemnul.
  2457 | D:4      | Noticed a phantom
  2469 | D:4      | Killed a phantom
  2470 | D:4      | Reached XP level 6. HP: 38/38 MP: 6/6
  2526 | D:4      | Reached skill level 4 in Axes
  3194 | D:5      | Entered Level 5 of the Dungeon
  3208 | D:4      | Reached XP level 7. HP: 40/43 MP: 7/7
  3583 | D:5      | You fall into a shaft and drop 2 floors!
  3611 | D:7      | Reached skill level 5 in Axes
  3613 | D:7      | Reached skill level 5 in Armour
  3724 | D:7      | Reached XP level 8. HP: 48/48 MP: 8/8
  3902 | D:6      | Reached skill level 5 in Shields
  4126 | D:5      | Found a staircase to the Ecumenical Temple.
  4140 | Temple   | Entered the Ecumenical Temple
  4228 | Temple   | Became a worshipper of Warmaster Okawaru
  4265 | D:5      | Reached skill level 6 in Axes
  4297 | D:5      | Reached skill level 1 in Invocations
  4654 | D:5      | Reached skill level 5 in Fighting
  4826 | D:6      | Found a runed translucent door.
  4827 | D:6      | Noticed Crazy Yiuf
  5325 | D:6      | Reached XP level 9. HP: 53/54 MP: 8/10
  5346 | D:6      | Reached * piety under Okawaru
  5644 | D:6      | Killed Crazy Yiuf
  6440 | D:8      | Noticed a hornet
  6459 | D:8      | Killed a hornet
  6460 | D:8      | Reached skill level 7 in Axes
  6684 | D:8      | Noticed Grum
  6701 | D:8      | Killed Grum
  7676 | D:8      | Noticed a lindwurm
  7676 | D:8      | Noticed a lindwurm
  7693 | D:8      | Noticed a lindwurm
  7714 | D:8      | Noticed a lindwurm
  7978 | D:8      | HP: 2/54 [lindwurm (2)]
  7978 | D:8      | Killed from afar by a lindwurm

Illustrated notes

Levels and vault maps discovered:
D:1:      wander_arrival_estate, layout_rooms, serial_bayou_pond_a
D:2:      layout_rooms, chequers_ecumenical_altar_grove, uniq_jessica
D:3:      layout_basic, dk_yredelemnul_ordeal
D:4:      layout_cave_pools, nicolae_hexahallways
D:5:      layout_loops_ring, minmay_temple_entry_statues_pillars,
          minmay_fountain_box
D:6:      nicolae_cairo_tiling, layout_basic, kennysheep_dice,
          uniq_crazy_yiuf_cottage
D:7:      layout_basic, chequers_serial_rivers_small_a
D:8:      layout_gridville, amethyst_killhole, minmay_lindwurm_lava, uniq_grum
Temple:   mainiacjoe_temple_trianglar_array

Skill      XL: |  1  2  3  4  5  6  7  8  9 |
---------------+----------------------------+-----
Axes           | 2 3 4 5 6 7 |  7.3
Evocations     | 1 2 3 4 |  4.7
Armour         | 4 5 6 |  6.1
Fighting       | 4 5 |  5.5
Shields        | 4 5 6 |  6.5
Invocations    | 2 3 |  3.1

Action                   |  1- 3 |  4- 6 |  7- 9 || total
-------------------------+-------+-------+-------++-------
Melee: War axe           |    74 |   141 |   289 ||   504
  Use: Scroll            |       |    10 |     5 ||    15
       Potion            |       |       |     1 ||     1
Armor: Scale mail        |    38 |       |       ||    38
       Chain mail        |     8 |    99 |   184 ||   291
Dodge: Dodged            |    34 |    71 |    73 ||   178
Block: Buckler           |    19 |    28 |       ||    47
       Kite shield       |       |     4 |   148 ||   152

Table legend: (Time is in decaauts)
 A = Elapsed time spent in this place.
 B = Non-inter-level travel time spent in this place.
 C = Inter-level travel time spent in this place.
 D = Time resting spent in this place.
 E = Time spent auto-exploring this place.
 F = Levels seen in this place.
 G = Mean time per level.
                   A        B        C        D        E       F      G
               +--------+--------+--------+--------+--------+-----+--------+
         Total |   8172 |   7886 |    286 |   1529 |   4750 |   9 |  908.0 |
       Dungeon |   8057 |   7796 |    261 |   1529 |   4686 |   8 | 1007.1 |
        Temple |    114 |     89 |     25 |      0 |     64 |   1 |  114.0 |
               +--------+--------+--------+--------+--------+-----+--------+

Top non-repeatable levels by time:
     D:8: 1644 daAuts
     D:6: 1166 daAuts
     D:4: 1162 daAuts
     D:3: 1111 daAuts
     D:7: 991 daAuts
     D:5: 812 daAuts
     D:2: 627 daAuts
     D:1: 541 daAuts
  Temple: 114 daAuts
